Map: Golden Wall LE

Players

Wafer - Winner!

  • Race: Protoss Protoss
  • League: Platinum
  • Spawn Location: 5:00

JohnnyV

  • Race: Terran Terran
  • Spawn Location: 7:00

VOD

Have the link to the VOD?

Description

Time

  • Played on: April 26, 2020, 2:10 a.m.
  • Length: 3:19
Show
View Real Time Build Order
Export as new Build Order

Wafer Protoss - Winner!

Build Orders: Cannon Rush 

Get SALT Encoding   

  12  0:01  Probe (Chrono Boost)  
  13  0:11  Probe (Chrono Boost)  
  14  0:20  Pylon  
  14  0:24  Probe  
  15  0:38  Probe  
  15  0:39  Forge  
  16  0:50  Probe  
  17  1:01  Pylon  
  17  1:08  Assimilator  
  17  1:09  Probe (Chrono Boost)  
  19  1:19  Probe (Chrono Boost)  
  19  1:21  Photon Cannon  
  19  1:24  Photon Cannon  
  19  1:35  Pylon  
  19  1:40  Pylon  
  19  1:59  Photon Cannon  
  18  2:08  Probe, Assimilator  
  19  2:11  Pylon  
  19  2:19  Gateway  
  19  2:35  Probe (Chrono Boost)  
  21  2:44  Probe (Chrono Boost)  
  21  2:45  Photon Cannon  
  21  2:49  Probe (Chrono Boost)  
  21  2:56  Photon Cannon  
  22  3:00  Photon Cannon  
  22  3:01  Probe  
  23  3:12  Photon Cannon  
  23  3:18  Photon Cannon  
Show
View Real Time Build Order
Export as new Build Order

JohnnyV Terran 

Build Orders:  

Get SALT Encoding   

  12  0:01  SCV  
  13  0:17  Supply Depot  
  13  0:19  SCV  
  14  0:34  SCV  
  15  0:40  Refinery  
  15  0:46  SCV, Barracks  
  16  0:58  SCV  
  17  1:34  Marine  
  18  1:40  Refinery  
  18  1:44  Barracks, Orbital Command  
  17  2:19  Barracks Reactor  
  17  2:40  Supply Depot  
Tags
 
Add a new tag
Caveats
  • Supply blocks, unpowered buildings, or Contaminate may cause inaccurate times.
  • Supply counts are checked every 10 seconds.